cohdb
Replays
Latest Replays
All Replays
Popular Replays
Top Player Replays
Match Explorer
How It Works
Community
CoH3 Stats
Reddit
Sign in to upload your games and track your stats! →
Sign in with Steam
Match 40449931
Unlisted
Match 40449931
Overview
Messages
Build Orders
End
Royal Engineer Section
Construct Section Command Post
Selects Air and Sea Battlegroup
Selects Air and Sea Battlegroup
Dingo Light Scout Car
Infantry Section
Infantry Section
Infantry Section
Construct Platoon Command Post
Humber Armored Car
Selects Supply Surplus
Selects Commando Section Paradrop
Selects Commando Support Section Paradrop
Commando Support Section Paradrop
Construct Field Infirmary
Selects Incendiary Bombing Run
Construct Company Command Post
Selects UNKNOWN (223837)
Centaur IV Medium Tank
Infantry Section
Royal Engineer Section
Matilda II Heavy Tank
Foot Guards Section
Incendiary Bombing Run
Matilda II Heavy Tank
Matilda II Heavy Tank
Armored Vehicle Training
Blurble
REGULATOR
0
0
Comments
sign in to comment!
No comments posted yet!